AoeStats
← Dragon

Arena

507875914Analyzed
4v4 RM · 12d ago on Sep 20, 2026· 47m 8s· 8 players
Game mode
Random Map
Map size
Large (8 player)
Population
200
Speed
Normal
Resources
Standard
Victory
Conquest
Starting age
Dark Age
Ending age
Imperial Age
RankedLock teamsTeams togetherTeam positionsShared explorationLock speedFull tech treeHidden civsTurbo modeCheats
Victory
Defeat
🇩🇪 Goths · Germany
1326
+15
🇩🇪 Portuguese · Germany
1312
+15
🇩🇪 Burmese · Germany
1311
+15
🇩🇪 Italians · Germany
1304
+16
🇨🇴 Khmer · Colombia
1428
-20
🇨🇴 Vietnamese · Colombia
1312
-16
🇨🇴 Saracens · Colombia
1238
-13
🇨🇴 Teutons · Colombia
1225
-12
christianperalta141
9:44 Feudal Age
13:43 Castle Age
12:57 Double-Bit Axe
37:25 Horse Collar
38:28 Scale Mail Armor
41:08 Heavy Plow
42:53 Bow Saw
43:30 Chain Mail Armor
43:25 Forging
44:16 Arson
44:32 Squires
46:15 Iron Casting
Caballero Cruzado
10:33 Feudal Age
14:50 Castle Age
13:15 Double-Bit Axe
15:17 Wheelbarrow
14:49 Horse Collar
15:58 Bow Saw
22:58 Heavy Plow
24:19 Gold Mining
25:39 Stone Mining
26:16 Hand Cart
28:46 Imperial Age
26:27 Loom
26:28 Town Watch
26:48 Scale Mail Armor
27:04 Padded Archer Armor
27:58 Stone Shaft Mining
27:36 Squires
27:22 Arson
28:23 Ballistics
28:15 Fortified Wall
28:58 Fletching
29:18 Forging
29:23 Chain Mail Armor
30:50 Leather Archer Armor
31:47 Two-Man Saw
32:06 Iron Casting
32:01 Plate Mail Armor
31:27 Bodkin Arrow
32:41 Chemistry
32:39 Conscription
32:50 Town Patrol
33:56 Masonry
34:11 Crenellations
34:08 Elite Teutonic Knight
37:17 Blast Furnace
36:47 Plate Mail Armor
37:17 Blast Furnace
36:47 Plate Mail Armor
39:08 Plate Mail Armor
39:45 Ring Archer Armor
40:05 Crop Rotation
41:08 Crossbowman
dArkie™
9:43 Feudal Age
13:51 Castle Age
12:54 Double-Bit Axe
12:50 Horse Collar
15:15 Bow Saw
15:06 Heavy Plow
16:36 Wheelbarrow
21:59 Gold Mining
26:51 Imperial Age
25:10 Fletching
25:47 Padded Archer Armor
25:32 Crossbowman
27:12 Bodkin Arrow
27:32 Leather Archer Armor
27:43 Arbalester
29:09 Gold Shaft Mining
29:04 Thumb Ring
30:51 Chemistry
31:20 Bracer
33:35 Conscription
33:48 Hand Cart
34:02 Town Watch
34:04 Loom
35:26 Ring Archer Armor
34:19 Elite Skirmisher
38:42 Forging
38:38 Scale Barding Armor
Aztart
10:19 Feudal Age
13:36 Castle Age
11:56 Double-Bit Axe
12:34 Horse Collar
15:44 Bow Saw
22:19 Gold Mining
23:30 Wheelbarrow
22:40 Loom
28:01 Imperial Age
27:38 Bloodlines
27:29 Husbandry
27:55 Scale Barding Armor
28:02 Forging
27:55 Heavy Plow
29:29 Chain Barding Armor
30:09 Iron Casting
30:32 Hand Cart
30:02 Town Watch
31:18 Plate Barding Armor
31:09 Elite Battle Elephant
32:51 Blast Furnace
32:32 Fletching
37:24 Gold Shaft Mining
37:30 Bodkin Arrow
38:37 Crossbowman
39:18 Bracer
39:21 Arbalester
43:13 Town Patrol
44:30 Conscription
lord-cherry
9:38 Feudal Age
12:15 Loom
14:49 Castle Age
13:16 Double-Bit Axe
14:01 Horse Collar
16:31 Bow Saw
19:49 Stone Mining
23:17 Stone Shaft Mining
22:55 Fletching
23:18 Gold Mining
24:24 Wheelbarrow
24:40 Bodkin Arrow
26:19 Thumb Ring
26:52 Padded Archer Armor
30:35 Imperial Age
27:37 Elite Skirmisher
29:44 Crossbowman
31:14 Ballistics
31:37 Silk Road
32:37 Chemistry
31:40 Bracer
31:56 Leather Archer Armor
33:05 Two-Man Saw
33:13 Hand Cart
35:32 Conscription
39:36 Pirotechnia
40:11 Ring Archer Armor
40:39 Bombard Tower
41:10 Elite Genoese Crossbowman
43:41 Arrowslits
47:37 Hoardings
Dragon
4:48 Loom
4:53 Loom
5:08 Loom
11:58 Feudal Age
17:05 Castle Age
15:00 Double-Bit Axe
15:17 Horse Collar
18:41 Bow Saw
19:07 Wheelbarrow
18:37 Heavy Plow
19:19 Gold Mining
25:43 Stone Mining
27:16 Man-at-Arms
27:57 Squires
30:49 Imperial Age
28:46 Scale Mail Armor
28:56 Forging
28:37 Long Swordsman
30:58 Hand Cart
31:00 Chain Mail Armor
31:21 Iron Casting
31:53 Conscription
31:35 Perfusion
31:37 Anarchy
33:19 Chemistry
31:45 Two-Handed Swordsman
32:29 Champion
35:27 Elite Huskarl
37:20 Pikeman
37:43 Halberdier
38:18 Town Watch
Who am I
7:08 Loom
11:18 Feudal Age
11:58 Horse Collar
14:53 Castle Age
14:39 Wheelbarrow
20:42 Hand Cart
22:55 Heavy Plow
23:31 Gold Mining
30:06 Imperial Age
27:59 Stone Mining
28:48 Gold Shaft Mining
29:09 Treadmill Crane
30:07 Bloodlines
29:58 Husbandry
29:24 Pikeman
30:12 Elite Battle Elephant
30:54 Squires
30:17 Halberdier
31:42 Arson
32:16 Scale Barding Armor
32:22 Forging
33:46 Howdah
34:45 Conscription
34:55 Chain Barding Armor
36:04 Scale Mail Armor
37:21 Iron Casting
37:56 Chain Mail Armor
40:20 Plate Mail Armor
44:31 Plate Barding Armor
44:57 Blast Furnace
43:48 Fletching
siggi-lok
12:15 Feudal Age
15:51 Castle Age
14:25 Double-Bit Axe
14:33 Horse Collar
17:46 Heavy Plow
18:56 Loom
31:12 Fortified Wall
34:30 Masonry
37:29 Imperial Age
37:09 Wheelbarrow
37:55 Scale Mail Armor
38:06 Forging
37:49 Pikeman
38:53 Chain Mail Armor
40:27 Arquebus
40:07 Halberdier
41:39 Plate Mail Armor
41:44 Iron Casting
44:47 Blast Furnace
45:15 Chemistry
47:08 Conscription
Connection lost

Rejoining the realm…

Still unreachable

The connection could not be restored.

Session expired

The server has moved on; the page needs a fresh start.